Map: Romanticide LE

Players

PiLiPiLi - Winner!

  • Race: Protoss Protoss
  • League: Grandmaster
  • Spawn Location: 11:00

starkiller

  • Race: Zerg Zerg
  • Spawn Location: 5:00

Event: DreamHack SC2 Masters 2020 Winter

VOD

Have the link to the VOD?

Description

Time

  • Played on: Oct. 15, 2020, 7:45 p.m.
  • Length: 9:45

All games in this series

Show
View Real Time Build Order
Export as new Build Order

PiLiPiLi Protoss - Winner!

Build Orders: 1 Gate Expand, Oracle Opening 

Get SALT Encoding   

  12  0:00  Probe  
  13  0:12  Probe  
  14  0:20  Pylon  
  14  0:24  Probe  
  15  0:38  Probe (Chrono Boost)  
  15  0:39  Gateway  
  16  0:47  Probe (Chrono Boost)  
  16  0:49  Assimilator  
  17  0:52  Probe  
  18  1:04  Probe  
  19  1:16  Probe  
  20  1:24  Nexus  
  20  1:35  Cybernetics Core  
  20  1:38  Probe  
  21  1:42  Zealot (Chrono Boost)  
  23  1:57  Pylon  
  23  1:59  Assimilator  
  23  2:12  Probe  
  23  2:15  Stargate, Adept (Chrono Boost)  
  25  2:24  Probe  
  26  2:33  Warp Gate (Chrono Boost)  
  26  2:36  Probe x2  
  28  2:43  Shield Battery  
  28  2:48  Probe  
  28  2:49  Probe  
  30  2:51  Void Ray (Chrono Boost)  
  30  3:00  Probe  
  35  3:06  Probe  
  36  3:12  Probe  
  36  3:18  Probe  
  38  3:21  Pylon  
  38  3:25  Probe  
  39  3:30  Probe  
  39  3:31  Oracle (Chrono Boost)  
  38  3:37  Probe  
  42  3:42  Probe  
  42  3:43  Gateway  
  42  3:48  Gateway  
  43  3:49  Probe  
  43  3:54  Probe  
  45  4:00  Pylon  
  45  4:01  Oracle  
  48  4:03  Probe  
  48  4:08  Probe  
  50  4:15  Assimilator, Probe  
  50  4:17  Assimilator, Pylon  
  51  4:20  Probe  
  52  4:27  Probe  
  53  4:32  Probe  
  54  4:39  Probe  
  54  4:41  Pylon  
  54  4:44  Adept x3  
  61  4:49  Probe  
  61  4:50  Pylon  
  61  4:51  Probe  
  63  4:58  Nexus  
  63  4:59  Pylon  
  63  5:01  Probe  
  63  5:03  Probe  
  65  5:13  Probe  
  66  5:16  Probe  
  67  5:23  Protoss Air Weapons Level 1  
  67  5:25  Probe  
  67  5:26  Phoenix, Stargate x2  
  70  5:29  Probe  
  70  5:31  Shield Battery  
  71  5:36  Adept  
  71  5:37  Probe  
  71  5:42  Adept  
  76  5:43  Adept  
  76  5:44  Probe  
  76  5:49  Pylon  
  79  5:52  Phoenix (Chrono Boost)  
  81  6:04  Adept x3  
  91  6:19  Phoenix x2 (Chrono Boost)  
  91  6:21  Shield Battery  
  91  6:22  Shield Battery  
  91  6:23  Shield Battery  
  93  6:26  Phoenix (Chrono Boost)  
  93  6:30  Adept x3  
  101  6:43  Phoenix x2  
  101  6:44  Phoenix  
  105  6:50  Pylon  
  105  6:52  Adept x2  
  109  6:56  Shield Battery  
  109  7:01  Pylon  
  109  7:04  Shield Battery  
  109  7:13  Phoenix (Chrono Boost)  
  109  7:15  Phoenix (Chrono Boost)  
  115  7:19  Phoenix (Chrono Boost)  
  115  7:22  Adept x3  
  121  7:31  Pylon  
  121  7:32  Pylon  
  121  7:35  Phoenix (Chrono Boost)  
  123  7:47  Phoenix  
  111  7:51  Phoenix  
  111  7:57  Stalker x2  
  117  8:02  Probe  
  117  8:04  Probe  
  101  8:07  Probe  
  101  8:09  Shield Battery  
  101  8:10  Zealot  
  102  8:15  Pylon  
  102  8:16  Pylon  
  105  8:21  Zealot x2  
  101  8:32  Probe x2  
  103  8:35  Zealot  
  103  8:38  Probe  
  104  8:44  Probe  
  104  8:45  Forge, Twilight Council  
  104  8:46  Phoenix x3  
  108  8:50  Zealot x2  
  112  8:58  Zealot  
  110  9:11  Phoenix x2 (Chrono Boost)  
  110  9:12  Zealot x2, Shield Battery x2  
  110  9:13  Shield Battery  
  110  9:16  Phoenix (Chrono Boost)  
  118  9:29  Zealot  
  114  9:39  Zealot x2  
Show
View Real Time Build Order
Export as new Build Order

starkiller Zerg 

Build Orders: Pool First 

Get SALT Encoding   

  12  0:00  Drone  
  13  0:07  Drone  
  14  0:14  Drone, Extractor  
  14  0:21  Overlord  
  15  0:32  Extractor  
  14  0:39  Drone x2  
  16  0:44  Drone  
  17  0:50  Spawning Pool  
  17  0:55  Drone  
  17  1:18  Hatchery  
  17  1:21  Drone  
  17  1:27  Drone  
  18  1:37  Metabolic Boost, Zergling x2  
  19  1:46  Queen  
  21  1:52  Overlord  
  21  1:56  Drone  
  22  2:13  Drone x2  
  24  2:22  Queen  
  26  2:23  Drone  
  27  2:37  Hatchery  
  27  2:41  Zergling x4  
  28  2:46  Drone  
  28  2:49  Drone  
  30  2:53  Drone x2  
  32  3:02  Overlord  
  32  3:09  Drone x3  
  35  3:13  Drone  
  35  3:15  Lair  
  36  3:21  Evolution Chamber  
  34  3:28  Spore Crawler  
  34  3:30  Spore Crawler  
  34  3:32  Drone x2  
  35  3:35  Drone x2  
  35  3:38  Overlord  
  37  3:45  Overlord  
  37  3:49  Queen  
  37  3:50  Zerg Melee Weapons Level 1  
  39  3:55  Queen  
  39  3:58  Drone  
  39  4:00  Drone  
  43  4:03  Overlord  
  43  4:11  Spore Crawler  
  43  4:13  Spore Crawler  
  43  4:14  Spore Crawler  
  43  4:16  Drone x2  
  42  4:19  Drone x2  
  44  4:29  Drone x2  
  44  4:30  Drone  
  47  4:33  Zergling x6  
  50  4:40  Nydus Network  
  49  4:48  Zergling x10  
  54  4:55  Queen  
  56  5:02  Queen  
  57  5:08  Overlord  
  57  5:12  Overlord  
  57  5:18  Queen  
  56  5:22  Zergling x2  
  56  5:24  Overlord  
  57  5:31  Zergling x8  
  57  5:35  Nydus Canal  
  61  5:38  Zergling x2  
  61  5:39  Zergling x12  
  61  5:41  Zergling x2  
  69  5:43  Zergling x4  
  69  5:46  Zergling x2  
  69  5:47  Zergling x2  
  72  5:53  Zergling x6  
  74  6:08  Zergling x2  
  74  6:09  Zergling x12  
  76  6:15  Zergling x2  
  76  6:16  Zergling x4  
  76  6:19  Zergling x2  
  76  6:21  Queen x2  
  81  6:28  Spine Crawler  
  80  6:35  Spine Crawler  
  78  6:40  Zergling x2  
  79  6:47  Zergling x6  
  81  6:56  Baneling Nest  
  81  6:57  Overlord  
  81  7:01  Zergling x2, Overlord  
  81  7:19  Zergling x8  
  81  7:22  Zergling x2  
  84  7:25  Zergling x2  
  84  7:26  Zergling x8  
  88  7:31  Zergling x4  
  90  7:38  Zergling x4  
  90  7:39  Baneling x8  
  90  7:40  Baneling x6  
  48  8:06  Zergling x14  
  48  8:07  Queen x3  
  48  8:10  Zergling x2  
  55  8:22  Zergling x2  
  55  8:23  Zergling x6  
  51  8:31  Zergling x6  
  50  8:39  Zergling x2  
  51  8:41  Zergling x4  
  51  8:43  Queen  
  51  8:44  Zergling x6  
  51  8:48  Zergling x4  
  51  9:02  Zergling x2  
  42  9:03  Zergling x8  
  42  9:08  Drone  
  45  9:15  Baneling x3  
  45  9:16  Drone x2  
  47  9:18  Drone  
  44  9:25  Overlord  
Tags
 
Add a new tag
Caveats
  • Supply blocks, unpowered buildings, or Contaminate may cause inaccurate times.
  • Supply counts are checked every 10 seconds.